 Dungeon Crawl Stone Soup version 0.30.1-9-gdf580d7c3d (webtiles) character file.

Game seed: 11042246286964863659

3999 lonewolfV2 the Cleaver (level 10, 0/68 (76) HPs)
             Began as a Demonspawn Fighter on Sept 26, 2023.
             Was a Priest of Okawaru.
             Slain by a wight
             ... wielding a +5 halberd
              (3 damage)
             ... on level 9 of the Dungeon.
             The game lasted 00:13:03 (8951 turns).

lonewolfV2 the Cleaver (Demonspawn Fighter)         Turns: 8951, Time: 00:13:03

HP:   0/68 (76)     AC: 10    Str: 26    XL:     10   Next: 3%
MP:   10/10         EV: 11    Int: 17    God:    Okawaru [***...]
Gold: 480           SH:  0    Dex: 12    Spells: 9/9 levels left

rFire   . . .        a - +0 war axe (protect)
rCold   . . .        c - +0 buckler
rNeg    . . .        b - +0 scale mail
rPois   .            (no helmet)
rElec   .            (cloak unavailable)
rCorr   .            (no gloves)
SInv    .            (no boots)
Will    .....        (no amulet) Stlth
                     i - +6 ring of intelligence
HPRegen 0.31/turn    p - +6 ring of strength
MPRegen 0.12/turn

%: no passive effects
@: confused, ambrosia-drunk, heavily drained
A: molten scales 2, spiny 1, condensation shield, weakness stinger 3
a: Renounce Religion, Heroism


You were on level 9 of the Dungeon.
You worshipped Okawaru.
Okawaru was most pleased with you.
You visited 2 branches of the dungeon, and saw 10 of its levels.

You collected 480 gold pieces.

Inventory:

Hand Weapons
 a - a +0 war axe of protection (weapon)
Missiles
 r - a throwing net (quivered)
Armour
 b - a +0 scale mail (worn)
 c - a +0 buckler (worn)
Jewellery
 g - a ring of protection from fire
 i - a +6 ring of intelligence (left hand)
 n - a ring of magical power
 p - a +6 ring of strength (right hand)
 w - a +6 ring of strength
Wands
 v - a wand of flame (11)
Scrolls
 d - a scroll of blinking {unknown}
 o - 3 scrolls of teleportation
 q - 2 scrolls of immolation {unknown}
 t - a scroll of fog
 u - a scroll of amnesia {unknown}
 x - a scroll of silence
 y - a scroll of fear {unknown}
Potions
 e - 5 potions of brilliance
 f - a potion of ambrosia
 j - a potion of mutation
 k - 2 potions of haste {unknown}
 l - 4 potions of flight {unknown}
 m - 2 potions of lignification
 s - 4 potions of heal wounds {unknown}
 z - a potion of berserk rage {unknown}


   Skills:
 + Level 6.3 Fighting
 + Level 8.8 Axes
 + Level 7.0 Armour
 + Level 3.7 Dodging
 + Level 1.0 Stealth
 + Level 4.9 Shields


You had 9 spell levels left.
You didn't know any spells.
Your spell library contained the following spells:

 Spells                   Type           Power      Damage    Failure   Level
 Ensorcelled Hibernation  Hex/Ice        0%         N/A       65%         2
 Portal Projectile        Hex/Tloc       0%         N/A       86%         3
 Spider Form              Tmut/Pois      0%         N/A       86%         3
 Anguish                  Hex/Necr       0%         N/A       99%         4
 Leda's Liquefaction      Hex/Erth       0%         N/A       99%         4
 Call Canine Familiar     Summ           Unusable   N/A       N/A         3

Dungeon Overview and Level Annotations

Branches:
Dungeon (9/15)             Temple (1/1) D:4
   Lair: D:8-11         Orc: D:9-12

Altars:
Ashenzari
Cheibriados
Dithmenos
Fedhas
Gozag
Hepliaklqana
Kikubaaqudgha
Makhleb
Nemelex Xobeh
Okawaru
Qazlal
Ru
Sif Muna
Trog
Uskayaw
Vehumet
Wu Jian
Xom
Yredelemnul

Shops:
D:1 (   D:7 [[   D:8 *


Innate Abilities, Weirdness & Mutations

You are mostly covered in molten scales. (AC +3)
You are partially covered in sharp spines.
A meltable shield of frost defends you. (SH +4)
You have a sharp stinger which inflicts weakening toxins.


Message History

The orc priest invokes the aid of Beogh against you.
Beogh smites you!
* * * LOW HITPOINT WARNING * * *
You hear some strange, mumbled words.
You are confused.
The wight is struck by your spines. The wight closely misses you.
The wight moves out of view.
You are too confused!
You feel better. The wight closely misses you.
The wight hits you from afar with a +5 halberd!
* * * LOW HITPOINT WARNING * * *
You feel drained.
* * * LOW HITPOINT WARNING * * *
The orc is struck by your spines.
You kill the orc!
Okawaru accepts your kill.
The orc priest hits you but does no damage.
The wight closely misses you.
You are confused.
You feel invigorated. The wight misses you. The wight closely misses you.
The orc priest closely misses you. Something hits you but does no damage.
The wight hits you with a +0 great sword!
* * * LOW HITPOINT WARNING * * *
You feel drained.
* * * LOW HITPOINT WARNING * * *
You feel better.
You feel less invigorated.
The orc priest hits you but does no damage.
You block the wight's attack.
You hear some strange, mumbled words.
A puff of flame appears from out of thin air!
You block the puff of flame.
You are confused.
You feel invigorated. Something hits you but does no damage.
The wight is struck by your spines.
The wight hits you with a +0 great sword!
* * * LOW HITPOINT WARNING * * *
You feel drained.
* * * LOW HITPOINT WARNING * * *
The wight hits you from afar with a +5 halberd.
You die...

### .... .>. .>#
#+###...# #.#
....#...# ##.#
.$..#.#.# #..###.#
._$.#z#.# #<.....#
.$$.#..z# #..#####
.$..#zzo######..#
######.z@....##..#
........{)...##..####
#.#.........##.....###
#.......?.#####.##.#..
###....)..#####.##.#.#
#...)...........)#.#
##.#)..).........#.#
#.#..######..#.##.#
#.#..# #..##....#


You could see 5 wights and an orc priest.

Vanquished Creatures
  A troll (D:7)
  A wyvern (D:7)
  The ghost of SirLogeyBear the Chopper, an amateur HOBe of Trog (D:4)
  A steam dragon (D:7)
  2 water moccasins
  Duvessa (D:7)
  2 sky beasts (D:7)
  2 ice beasts
  3 orc warriors
  A black bear (D:4)
  3 ogres
  The ghost of Norrock the Digger, an amateur DgEE (D:4)
  2 centaurs
  A kobold brigand (D:9)
  3 bullfrogs
  4 scorpions
  7 wights
  Dowan (D:7)
  A howler monkey (D:4)
  4 hounds
  A jelly (D:7)
  2 sleepcaps
  5 iguanas
  11 orc wizards
  7 gnolls
  9 adders
  A shadow imp (D:5)
  A white imp (D:5)
  An ufetubus (D:3)
  2 worms (D:2)
  3 dart slugs
  26 orcs
  9 ball pythons
  2 bats
  7 endoplasms
  2 giant cockroaches
  6 goblins
  5 hobgoblins
  3 jackals (D:3)
  9 kobolds
  3 quokkas
  3 frilled lizards
  10 rats
170 creatures vanquished.

Notes
Turn   | Place    | Note
-------+----------+-------------------------------------------
     0 | D:1      | lonewolfV2 the Demonspawn Fighter began the quest for the
                  | Orb.
     0 | D:1      | Reached XP level 1. HP: 18/18 MP: 1/1
   158 | D:1      | Gained mutation: You are partially covered in molten
                  | scales. (AC +2) [demonic ancestry]
   158 | D:1      | Reached XP level 2. HP: 24/24 MP: 2/2
   238 | D:1      | Found Zal Inac's Antique Weapon Emporium.
   273 | D:1      | Reached skill level 2 in Axes
   557 | D:1      | Found a faded altar of an unknown god.
   662 | D:2      | Reached XP level 3. HP: 12/29 MP: 3/3
   866 | D:2      | Found a broken altar of Ashenzari.
  1450 | D:3      | Gained mutation: You have a small tail. [demonic ancestry]
  1450 | D:3      | Reached XP level 4. HP: 35/35 MP: 4/4
  1995 | D:3      | Noticed an ice beast
  2006 | D:3      | Killed an ice beast
  2007 | D:3      | Reached skill level 3 in Axes
  2007 | D:3      | Reached skill level 1 in Dodging
  2007 | D:3      | Gained mutation: You are partially covered in sharp spines.
                  | [demonic ancestry]
  2007 | D:3      | Reached XP level 5. HP: 8/41 MP: 5/5
  2837 | D:4      | Found a runed translucent gate.
  2837 | D:4      | Found a runed translucent gate.
  2839 | D:4      | Found a runed translucent gate.
  2841 | D:4      | Noticed SirLogeyBear's ghost (amateur HOBe)
  2841 | D:4      | Noticed Norrock's ghost (amateur DgEE)
  2904 | D:4      | Noticed a black bear
  2906 | D:4      | Gained mutation: You have a tail ending in a sharp stinger.
                  | [demonic ancestry]
  2906 | D:4      | Reached XP level 6. HP: 47/47 MP: 6/6
  2915 | D:4      | Reached skill level 4 in Axes
  3233 | D:4      | Found a staircase to the Ecumenical Temple.
  3273 | Temple   | Entered the Ecumenical Temple
  3482 | Temple   | Became a worshipper of Warmaster Okawaru
  3752 | D:4      | Gained mutation: You are mostly covered in molten scales.
                  | (AC +3) [demonic ancestry]
  3752 | D:4      | Reached XP level 7. HP: 46/53 MP: 7/7
  3996 | D:4      | Found a bloodstained altar of Trog.
  3996 | D:4      | Found a sparkling altar of Nemelex Xobeh.
  4004 | D:4      | Found a burning altar of Makhleb.
  4006 | D:4      | Found a faded altar of an unknown god.
  4008 | D:4      | Found a faded altar of an unknown god.
  4081 | D:4      | Killed Norrock's ghost
  4085 | D:4      | Killed SirLogeyBear's ghost
  4086 | D:4      | Reached skill level 5 in Axes
  4417 | D:5      | Entered Level 5 of the Dungeon
  4438 | D:5      | Reached skill level 5 in Armour
  4558 | D:5      | Reached * piety under Okawaru
  4884 | D:5      | Gained mutation: A meltable shield of frost defends you.
                  | (SH +4) [demonic ancestry]
  4884 | D:5      | Reached XP level 8. HP: 46/60 MP: 8/8
  5731 | D:6      | Reached skill level 6 in Axes
  6096 | D:7      | Found Himaaras's Antique Armour Shoppe.
  6108 | D:7      | Reached ** piety under Okawaru
  6110 | D:7      | Reached skill level 7 in Axes
  6164 | D:7      | Reached skill level 5 in Fighting
  6605 | D:7      | Reached XP level 9. HP: 68/68 MP: 9/9
  6616 | D:7      | Noticed a troll
  6627 | D:7      | Killed a troll
  7258 | D:7      | Found an opulent altar of Gozag.
  7342 | D:7      | Reached skill level 8 in Axes
  7351 | D:7      | Reached skill level 1 in Stealth
  7469 | D:7      | Found Afaecor's Antique Armour Boutique.
  7727 | D:7      | Noticed Duvessa
  7727 | D:7      | Noticed Dowan
  7740 | D:7      | Killed Duvessa
  7756 | D:7      | Killed Dowan
  7764 | D:7      | Found a large runed translucent door.
  7765 | D:7      | Found a large runed translucent door.
  8250 | D:8      | Reached *** piety under Okawaru
  8382 | D:8      | Found Cupsoedu's Assorted Antiques.
  8746 | D:8      | Gained mutation: You have a sharp stinger which inflicts
                  | weakening toxins. [demonic ancestry]
  8746 | D:8      | Reached XP level 10. HP: 69/76 MP: 10/10
  8942 | D:9      | Found a broken altar of Ashenzari.
  8951 | D:9      | HP: 3/68 [wight/+0 great sword (4)]
  8951 | D:9      | Slain by a wight

Illustrated notes

Levels and vault maps discovered:
D:1:      dpeg_arrival_rooms_a, layout_rooms, serial_shops, shop,
          shapermc_ecumenical_altar_hornbeckon, minmay_door_square
D:2:      layout_loops_ring, basic_altar
D:3:      layout_loops_ring, kennysheep_nub, serial_bayou_lake_a
D:4:      layout_basic, chequers_temple_overflow_minitemple,
          minmay_temple_entry_drinking_statues, gammafunk_ghost_cemetery
D:5:      layout_loops_ring
D:6:      layout_gridville
D:7:      kennysheep_spiral_hall, layout_loops_cross, grunt_gozag_statues,
          jmf_multi_god_temple2, serial_shops, nicolae_square_shop,
          nicolae_shop_scrapyard, uniq_duvessa
D:8:      layout_cave_pools, lemuel_doored_altar, serial_shops,
          nicolae_take_the_stairs, enter_ossuary_5
D:9:      layout_basic, amcnicky_altar_gilded, lair_entry_dummy,
          roderic_serpentine_path
Temple:   jpeg_temple_clearing

Skill      XL: |  1  2  3  4  5  6  7  8  9 |
---------------+----------------------------+-----
Axes           | 2 3 4 5 7 8 |  8.8
Shields        | 3 4 |  4.9
Armour         | 3 4 5 6 7 |  7.0
Dodging        | 1 2 3 |  3.7
Fighting       | 4 5 6 |  6.3
Stealth        | 1 |  1.0

Action                     |  1- 3 |  4- 6 |  7- 9 | 10-12 || total
---------------------------+-------+-------+-------+-------++-------
  Melee: War axe           |   125 |    80 |   226 |    11 ||   442
         Tailslap          |       |    11 |    33 |     3 ||    47
 Invoke: Heroism           |       |       |     1 |       ||     1
    Use: Scroll            |       |     6 |     5 |       ||    11
         Potion            |       |       |     3 |     4 ||     7
 Armour: Scale mail        |    70 |    46 |   114 |    14 ||   244
  Dodge: Dodged            |    59 |    48 |   136 |    12 ||   255
  Block: Buckler           |    25 |    21 |    88 |     6 ||   140
